 Dungeon Crawl Stone Soup version 0.22.0-32-gbc6daba (webtiles) character file.

4305 FrozenPanda the Ruffian (level 10, 0/96 HPs)
             Began as a Troll Monk on Aug 23, 2018.
             Was an Elder of Okawaru.
             Killed from afar by an ogre mage (45 damage)
             ... with a crystal spear
             ... on level 8 of the Dungeon.
             The game lasted 00:22:21 (8219 turns).

FrozenPanda the Ruffian (Troll Monk)                Turns: 8219, Time: 00:22:22

Health: 0/96       AC:  6    Str: 21    XL:     10   Next: 11%
Magic:  7/9        EV: 15    Int:  8    God:    Okawaru [****..]
Gold:   377        SH:  0    Dex: 13    Spells: 9/9 levels left

rFire    + . .     SeeInvis .     - Unarmed
rCold    . . .     Gourm    +   (no shield)
rNeg     . . .     Faith    +   b - +0 robe
rPois    .         Spirit   .   (helmet restricted)
rElec    .         Reflect  .   E - +0 cloak
rCorr    .         Harm     .   (gloves unavailable)
MR       .....                  (boots unavailable)
Stlth    +++++.....             n - amulet of faith
HPRegen  0.66/turn              h - ring of stealth
MPRegen  0.11/turn              p - ring of protection from fire

@: heroism
A: large, unfitting armour, claws 3, fast metabolism 3, gourmand, regeneration
1, shaggy fur 1, tough skin 2
a: Heroism, Renounce Religion


You were on level 8 of the Dungeon.
You worshipped Okawaru.
Okawaru was greatly pleased with you.
You were not hungry.

You visited 2 branches of the dungeon, and saw 9 of its levels.

You collected 475 gold pieces.
You spent 98 gold pieces at shops.

Inventory:

Hand Weapons
 a - a +1 mace
 r - a +4 dagger of venom
 I - a +0 giant spiked club
Missiles
 e - 26 bolts
 f - 108 arrows
 i - 15 poisoned needles
 k - 209 stones (quivered)
 l - 68 sling bullets
 u - 11 tomahawks
 v - a throwing net
 y - 6 large rocks
Armour
 b - a +0 robe (worn)
 E - a +0 cloak (worn)
Jewellery
 h - a ring of stealth (left claw)
 n - an amulet of faith (around neck)
 p - a ring of protection from fire (right claw)
 t - an uncursed ring of wizardry
Wands
 o - a wand of digging (16)
 D - a wand of scattershot (5)
 F - a wand of random effects (22)
 H - a wand of enslavement (7)
Scrolls
 d - a scroll of enchant armour
 g - 3 scrolls of remove curse
 j - 2 scrolls of fog
 m - 2 scrolls of identify
 s - a scroll of fear
 x - 2 scrolls of amnesia
 z - a scroll of blinking
 A - a scroll of teleportation
 B - a scroll of silence {unknown}
Potions
 q - 4 potions of curing
 w - 2 potions of heal wounds
 C - a potion of cancellation
 G - a potion of invisibility {unknown}
Comestibles
 c - 17 rations


   Skills:
 + Level 5.5(10.5) Fighting
 * Level 6.8(11.8) Maces & Flails
 + Level 5.5(10.5) Dodging
 + Level 3.9(8.9) Stealth
 + Level 7.8(12.8) Unarmed Combat


You had 9 spell levels left.
You didn't know any spells.
Your spell library contained the following spells:

 Spells                   Type           Power        Failure   Level  Hunger
 Corona                   Hex            #......      41%         1    ##.....
 Slow                     Hex            #.......     54%         2    ###....
 Inner Flame              Hex/Fire       #.......     78%         3    ####...
 Portal Projectile        Hex/Tloc       #.....       78%         3    ####...
 Cause Fear               Hex            #.........   99%         4    #####..
 Leda's Liquefaction      Hex/Erth       #.........   99%         4    #####..


Dungeon Overview and Level Annotations

Branches:
Dungeon (8/15)             Temple (1/1) D:6
   Lair: D:8-11

Altars:
Ashenzari
Cheibriados
Dithmenos
Elyvilon
Gozag
Hepliaklqana
Kikubaaqudgha
Makhleb
Nemelex Xobeh
Okawaru
Qazlal
Ru
Sif Muna
Trog
Uskayaw
Vehumet
Wu Jian
Xom
Yredelemnul
Zin
The Shining One

Shops:
D:6 *


Innate Abilities, Weirdness & Mutations

You are too large for most types of armour.
You have claws for hands.
Your metabolism is lightning-fast.
You like to eat raw meat.
Your natural rate of healing is unusually fast.
You are covered in fur. (AC +1)
You have very tough skin. (AC +2)


Message History

You mangle the phantom!!
You destroy the phantom!
Okawaru accepts your kill.
The ogre mage hits you from afar with a halberd!
You gain the combat prowess of a mighty hero.
The ogre mage hits you from afar with a halberd!
The ogre mage closely misses you.
You barely miss the ogre mage. You scratch the ogre mage.
The ogre mage is lightly wounded.
The ogre mage hits you with a halberd!
You closely miss the ogre mage.
The ogre mage is lightly wounded.
The ogre mage casts a spell at you. The bolt of fire misses you.
You eviscerate the ogre mage!!!
The ogre mage is severely wounded.
The ogre mage points at you and mumbles some strange words.
The crystal spear hits you!
You die...

######### #.#....##.........###
.....Z<.#####.##...#...........#.
#######.##.........#...........#.
######o##.#..###..+...........+.
.........).........#...........#.
##.............##..#...........#)
.....[.............##.........###
##.##....#?#.#.##...##.......###.
#. #!...#.#.#..@....##.....###.#
. ..[...!......O#.#..###+####.##
# ..##.#.#.........##.# #.##K #
.. .....###.#..#.# .# #.#.C #
#..#..#.# ' +††5O # # #.# ...#.#
## #..SY # ####.. ... ......#
#.##} ##...... .. ....### ##. #
#..... ..##.. #


You could see an ogre mage.

Vanquished Creatures
  A kobold demonologist (D:8)
  2 hippogriffs
  Sigmund (D:6)
  2 hungry ghosts
  Duvessa (D:6)
  4 orc warriors
  2 ice beasts
  2 sky beasts
  4 phantoms
  2 ogres (D:7)
  A centaur (D:2)
  8 bullfrogs
  Blork the orc (D:5)
  Dowan (D:6)
  2 scorpions
  A howler monkey (D:7)
  4 wights (D:7)
  A jelly (D:8)
  3 orc priests
  3 hounds
  A bullfrog skeleton (D:5)
  Ijyb (D:3)
  Terence (D:3)
  9 orc wizards
  5 worker ants
  A hound zombie (D:8)
  A hound skeleton (D:6)
  Robin (D:2)
  4 adders
  4 river rats (D:5)
  3 shadow imps
  3 worms
  3 dart slugs (D:1)
  7 leopard geckos
  29 orcs
  10 bats
  A giant cockroach (D:4)
  12 goblins
  9 hobgoblins
  9 jackals
  5 quokkas
  3 ball pythons
  5 frilled lizards
  5 kobolds
  A kobold zombie (D:4)
  A leopard gecko skeleton (D:5)
  A leopard gecko zombie (D:6)
  A quokka zombie (D:5)
  4 rats
186 creatures vanquished.

Notes
Turn   | Place    | Note
-------+----------+-------------------------------------------
     0 | D:1      | FrozenPanda the Troll Monk began the quest for the Orb.
     0 | D:1      | Reached XP level 1. HP: 22/22 MP: 0/0
   158 | D:1      | Reached XP level 2. HP: 29/29 MP: 1/1
   207 | D:1      | Reached skill level 1 in Unarmed Combat
   485 | D:2      | Noticed a centaur
   490 | D:2      | Killed a centaur
   490 | D:2      | Reached skill level 2 in Unarmed Combat
   490 | D:2      | Reached XP level 3. HP: 27/36 MP: 2/2
   490 | D:2      | Reached XP level 4. HP: 33/44 MP: 3/3
   866 | D:2      | Noticed Robin
   975 | D:2      | Killed Robin
  1242 | D:2      | Reached XP level 5. HP: 52/52 MP: 4/4
  1739 | D:3      | Noticed Ijyb
  1755 | D:3      | Killed Ijyb
  1979 | D:3      | Reached skill level 3 in Unarmed Combat
  2193 | D:3      | Reached XP level 6. HP: 25/61 MP: 5/5
  2431 | D:3      | Noticed Terence
  2441 | D:3      | Killed Terence
  2841 | D:4      | Found a runed door.
  2841 | D:4      | Noticed a human
  2842 | D:4      | Found a basalt altar of Yredelemnul.
  3356 | D:5      | Entered Level 5 of the Dungeon
  3576 | D:5      | Reached skill level 4 in Unarmed Combat
  3682 | D:5      | Reached XP level 7. HP: 54/67 MP: 6/6
  3937 | D:5      | Noticed Blork the orc
  3943 | D:5      | Killed Blork the orc
  4030 | D:5      | Found an ancient bone altar of Kikubaaqudgha.
  4118 | D:5      | Reached skill level 5 in Unarmed Combat
  4649 | D:6      | Found a sacrificial altar of Ru.
  4708 | D:6      | Found a shadowy altar of Dithmenos.
  4711 | D:6      | Found a shattered altar of Ashenzari.
  4767 | D:6      | Found a staircase to the Ecumenical Temple.
  4773 | D:6      | Reached XP level 8. HP: 76/78 MP: 7/7
  4841 | D:6      | Found Weoliw's Assorted Antiques.
  4841 | D:6      | Noticed Dowan
  4842 | D:6      | Noticed Duvessa
  4871 | D:6      | Killed Dowan
  4921 | D:6      | Bought a sedimented pink potion for 23 gold pieces
  4921 | D:6      | Bought an inky potion for 23 gold pieces
  4921 | D:6      | Bought a scroll of identify for 52 gold pieces
  4989 | D:6      | Killed Duvessa
  5107 | D:6      | Noticed Sigmund
  5130 | D:6      | Killed Sigmund
  5130 | D:6      | Reached skill level 6 in Unarmed Combat
  5391 | D:6      | Found an ornate altar of the Wu Jian Council.
  5627 | Temple   | Entered the Ecumenical Temple
  5802 | Temple   | Became a worshipper of Warmaster Okawaru
  5802 | Temple   | Reached * piety under Okawaru
  5802 | Temple   | Reached ** piety under Okawaru
  6047 | D:7      | Reached skill level 5 in Maces & Flails
  6286 | D:7      | Reached XP level 9. HP: 65/85 MP: 8/8
  6618 | D:7      | Reached *** piety under Okawaru
  6664 | D:7      | Reached skill level 7 in Unarmed Combat
  7336 | D:7      | Reached skill level 5 in Fighting
  7461 | D:7      | Reached **** piety under Okawaru
  7461 | D:7      | Reached skill level 5 in Dodging
  7953 | D:8      | Noticed a kobold demonologist
  7953 | D:8      | Noticed an ogre mage
  7953 | D:8      | Noticed a cyclops
  7953 | D:8      | Noticed a black mamba
  7962 | D:8      | Reached XP level 10. HP: 54/96 MP: 9/9
  8219 | D:8      | Killed from afar by an ogre mage

Skill      XL: |  1  2  3  4  5  6  7  8  9 |
---------------+----------------------------+-----
Unarmed Combat | 2 3 4 5 6 7 |  7.8
Maces & Flails | 3 4 5 6 |  6.8
Dodging        | 3 4 5 |  5.5
Fighting       | 3 4 5 |  5.5
Stealth        | 2 3 |  3.9

Action                   |  1- 3 |  4- 6 |  7- 9 | 10-12 || total
-------------------------+-------+-------+-------+-------++-------
Melee: Unarmed           |    47 |   207 |   333 |    31 ||   618
       Punch             |       |     3 |    11 |     1 ||    15
       Dagger            |       |    25 |       |       ||    25
       Giant spiked club |       |       |    26 |       ||    26
Invok: Heroism           |       |       |     1 |     1 ||     2
  Use: Scroll            |     5 |     5 |     6 |       ||    16
       Potion            |       |     4 |     3 |       ||     7
 Stab: Sleeping          |     2 |    10 |    12 |     1 ||    25
  Eat: Chunk             |     4 |    35 |    36 |     3 ||    78
       Ration            |       |       |     1 |       ||     1
Armor: Robe              |    14 |    46 |    82 |     5 ||   147
       Skin              |       |     9 |       |       ||     9
Dodge: Dodged            |    27 |    91 |   198 |    11 ||   327
